 Dungeon Crawl Stone Soup version 0.29.0-4-gdea44cf6ec (webtiles) character file.

Game seed: 2145324675691207647

403 qw the Chopper (level 6, 0/38 HPs)
             Began as a Gargoyle Fighter on Sept 8, 2022.
             Slain by an ogre
             ... wielding a +0 giant club
              (19 damage)
             ... on level 5 of the Dungeon.
             The game lasted 00:01:41 (4519 turns).

qw the Chopper (Gargoyle Fighter)                   Turns: 4519, Time: 00:01:41

Health: 0/38       AC: 14    Str: 22    XL:     6   Next: 86%
Magic:  6/6        EV:  9    Int:  8    God:
Gold:   435        SH:  4    Dex:  9    Spells: 5/5 levels left

rFire   x . .      SeeInvis .   Y - +1 war axe
rCold   + + .      Faith    .   c - +0 buckler
rNeg    + . .      Spirit   .   l - +0 ice dragon scales
rPois   inf        Reflect  .   (no helmet)
rElec   +          Harm     .   (no cloak)
rCorr   .          Rampage  .   (no gloves)
Will    .....                   (no boots)
Stlth   ..........              (no amulet)
HPRegen 0.12/turn               (no ring)
MPRegen 0.10/turn               (no ring)

@: no status effects
A: sickness immunity, AC +4, negative energy resistance 1, electricity
resistance, torment resistance 1, petrification resistance
a: no special abilities


You were on level 5 of the Dungeon.
You visited 2 branches of the dungeon, and saw 6 of its levels.

You collected 435 gold pieces.


Innate Abilities, Weirdness & Mutations

You are immune to sickness and miasma.
Your stone body is resilient. (AC +4)
You are immune to poison.
You resist negative energy. (rN+)
You are resistant to electric shocks. (rElec)
You are resistant to unholy torment.
You are immune to petrification.


   Skills:
 - Level 4.1 Fighting
 + Level 5.9 Axes
 - Level 3.2 Armour
 - Level 1.0 Dodging
 - Level 3.2 Shields


You had 5 spell levels left.
You didn't know any spells.
Your spell library was empty.

Inventory:

Hand Weapons
 h - a +0 flail
 Y - a +1 war axe (weapon)
Armour
 b - a +0 scale mail
 c - a +0 buckler (worn)
 l - +0 ice dragon scales (worn)
Scrolls
 g - 3 scrolls of identify
 i - a scroll of enchant armour {unknown}
 j - 2 scrolls of teleportation
Potions
 a - a potion of attraction
 d - a potion of might
 e - a potion of heal wounds
 f - 2 potions of curing

Dungeon Overview and Level Annotations

Branches:
Dungeon (5/15)             Temple (1/1) D:5

Altars:
Ashenzari
Cheibriados
Dithmenos
Fedhas
Gozag
Nemelex Xobeh
Ru
Sif Muna
Trog
Uskayaw
Vehumet
Xom
Yredelemnul
The Shining One


Message History

You block the adder's attack.
You barely miss the adder.
The adder is lightly wounded.
You block the adder's attack. The adder barely misses you.
You hit the adder.
The adder is lightly wounded.
The adder bites you. The adder bites you but does no damage.
You closely miss the adder.
The adder is lightly wounded.
You block the adder's attack.
You slice the adder!!
You kill the adder!
You start resting.
HP restored.
Found a stone staircase leading down.
You hear the brisk hiss of a distant avalanche of sand.
Found an escape hatch in the floor.
j - 2 scrolls of teleportation (gained 1)
You now have 429 gold pieces (gained 7).
You hear the brisk hiss of an avalanche of sand nearby.
Found a dagger.
Enter note:
Enter note: You now have 435 gold pieces (gained 6).
You see here a +0 dagger.
An ogre comes into view. It is wielding a +0 giant club.
Enter note: You barely miss the ogre.
The ogre closely misses you.
You barely miss the ogre. The ogre closely misses you.
You barely miss the ogre.
The ogre hits you with a +0 giant club!!
Ouch! That really hurt!
You closely miss the ogre. You slash the ogre!
The ogre is heavily wounded.
The ogre hits you with a +0 giant club!!
Ouch! That really hurt!
You die...

## ##. ####.. .
.....#####..# #
#.O......# #
##@# # ##..# #
#### #..##
###..+ #.##
....## ##.#
.....# #..#
#...)########.##
#.............#
#.............#


You could see an ogre.

Vanquished Creatures
  Menkaure (D:5)
  A gnoll bouda (D:3)
  A hound (D:4)
  An iguana (D:4)
  9 gnolls
  3 adders
  A worm (D:2)
  3 dart slugs
  2 orcs
  7 ball pythons
  4 bats
  6 endoplasms
  A giant cockroach (D:1)
  7 goblins
  7 hobgoblins
  3 jackals (D:2)
  9 kobolds
  6 quokkas
  A frilled lizard (D:1)
  7 rats
80 creatures vanquished.

Vanquished Creatures (others)
  5 plants (D:2)
5 creatures vanquished.

Grand Total: 85 creatures vanquished

Notes
Turn   | Place    | Note
-------+----------+-------------------------------------------
     0 | D:1      | qw the Gargoyle Fighter began the quest for the Orb.
     0 | D:1      | Reached XP level 1. HP: 14/14 MP: 1/1
     0 | D:1      | 0 ||| qw: Version: 0.1-a-112-g44dc6cd
     0 | D:1      | 0 ||| qw: Game counter: 6708
     0 | D:1      | 0 ||| qw: Always use a shield: true
     0 | D:1      | 0 ||| qw: God list: Okawaru
     0 | D:1      | 0 ||| qw: Allow faded altars: false
     0 | D:1      | 0 ||| qw: Do Orc after D:15 true
     0 | D:1      | 0 ||| qw: Do second Lair branch before Depths: true
     0 | D:1      | 0 ||| qw: Lair rune preference: random
     0 | D:1      | 0 ||| qw: Plans: Normal, Zot, God:TSO, Crypt, Tomb, Zig,
                  | Orb
     0 | D:1      | 0 ||| PLANNING D:1-11
    31 | D:1      | Reached skill level 2 in Axes
   187 | D:1      | Reached XP level 2. HP: 19/19 MP: 2/2
   190 | D:1      | 190 ||| Stepping ~*~*~tactically~*~*~ (hiding).
   191 | D:1      | 191 ||| Stepping ~*~*~tactically~*~*~ (hiding).
   697 | D:1      | Reached skill level 3 in Axes
   747 | D:1      | Reached XP level 3. HP: 23/23 MP: 3/3
  1153 | D:1      | 1153 ||| READING scroll labelled SOAPNUAMEDGH.
  1338 | D:2      | 1338 ||| Stepping ~*~*~tactically~*~*~ (stealth).
  1507 | D:2      | Reached XP level 4. HP: 25/28 MP: 4/4
  1575 | D:2      | Identified the +1 leather armour "Xaege" {*Slow rF+ rN+}
  1953 | D:2      | 1953 ||| Stepping ~*~*~tactically~*~*~ (stealth).
  1954 | D:2      | 1954 ||| Stepping ~*~*~tactically~*~*~ (stealth).
  1958 | D:2      | Reached skill level 4 in Axes
  1958 | D:2      | 1958 ||| Stepping ~*~*~tactically~*~*~ (stealth).
  2165 | D:2      | 2165 ||| DROPPING +1 leather armour "Xaege" {*Slow rF+
                  | rN+}.
  2166 | D:2      | 2166 ||| DROPPING ring of magical power.
  2167 | D:2      | 2167 ||| READING 3 scrolls labelled HAUKUDY SUWAE.
  2168 | D:2      | 2168 ||| READING 2 scrolls of identify.
  2168 | D:2      | 2168 ||| IDENTIFYING fuming blue potion
  2293 | D:3      | 2293 ||| FLEEEEING.
  2294 | D:3      | 2294 ||| FLEEEEING.
  2322 | D:3      | 2322 ||| STAIRDANCE
  2393 | D:3      | 2393 ||| Stepping ~*~*~tactically~*~*~ (hiding).
  2409 | D:3      | Reached XP level 5. HP: 14/32 MP: 5/5
  2410 | D:3      | HP: 8/32 [gnoll/+0 whip[a gnoll bouda] (1)]
  2412 | D:3      | HP: 2/32 [gnoll/+0 whip[a gnoll bouda] (2)]
  2835 | D:3      | Found a broken altar of Ashenzari.
  2914 | D:3      | Found a faded altar of an unknown god.
  3004 | D:3      | Found a radiant altar of Vehumet.
  3198 | D:3      | 3198 ||| UPGRADING to +0 ice dragon scales.
  3208 | D:3      | 3208 ||| READING scroll labelled CAYK SUKUXTOSH.
  3209 | D:3      | 3209 ||| READING scroll labelled TUVAAMP TENIJU.
  3210 | D:3      | 3210 ||| READING scroll labelled ZUNIHOXT AZOVE.
  3211 | D:3      | 3211 ||| DRINKING 2 dark potions.
  3247 | D:4      | 3247 ||| Stepping ~*~*~tactically~*~*~ (hiding).
  3329 | D:4      | 3329 ||| DROPPING +0 whip.
  3411 | D:4      | Reached skill level 5 in Axes
  3724 | D:4      | 3724 ||| Stepping ~*~*~tactically~*~*~ (stealth).
  3909 | D:4      | 3909 ||| Stepping ~*~*~tactically~*~*~ (stealth).
  3940 | D:4      | Reached XP level 6. HP: 38/38 MP: 6/6
  3970 | D:4      | 3970 ||| READING 4 scrolls of identify.
  3970 | D:4      | 3970 ||| IDENTIFYING black potion
  3989 | D:5      | Entered Level 5 of the Dungeon
  3990 | D:5      | 3990 ||| PLANNING OSSUARY
  3992 | D:5      | 3992 ||| Stepping ~*~*~tactically~*~*~ (hiding).
  3993 | D:5      | 3993 ||| Stepping ~*~*~tactically~*~*~ (hiding).
  3995 | D:5      | 3995 ||| Stepping ~*~*~tactically~*~*~ (hiding).
  3996 | D:5      | 3996 ||| Stepping ~*~*~tactically~*~*~ (hiding).
  4015 | D:5      | 4015 ||| Stepping ~*~*~tactically~*~*~ (stealth).
  4018 | D:5      | 4018 ||| Stepping ~*~*~tactically~*~*~ (stealth).
  4025 | D:5      | Reached skill level 1 in Dodging
  4048 | D:5      | Found a staircase to the Ecumenical Temple.
  4049 | D:5      | 4049 ||| PLANNING TEMPLE
  4054 | D:5      | Noticed Menkaure
  4064 | D:5      | Killed Menkaure
  4087 | Temple   | Entered the Ecumenical Temple
  4261 | Temple   | 4261 ||| PLANNING OSSUARY
  4371 | D:5      | Found a shadowy altar of Dithmenos.
  4519 | D:5      | Slain by an ogre

Levels and vault maps discovered:
D:1:      dpeg_arrival_houses_and_road, layout_loops_ring
D:2:      kb_forest_paths, layout_basic, serial_bayou_lake_a
D:3:      layout_rooms, nicolae_vehumet_altar_sigil,
          mainiacjoe_overflow_tiny_flanked,
          shapermc_ecumenical_altar_totnotflames, nicolae_figureground_pulse
D:4:      minmay_angry_zag, layout_basic, dreamdust_wishing_well
D:5:      layout_cave_pools, okawaru_altar_gauntlet_db,
          nicolae_dithmenos_shadow_blocks, mainiacjoe_overflow_two_lobes,
          temple_fountains, nicolae_ossuary_entry_giza, serial_gnoll_camp,
          gnoll_camp_mini_loothouse, gnoll_camp_huts_basic, gnoll_camp_mini_hut,
          gnoll_camp_mini_hut, gnoll_camp_medium_01, uniq_menkaure, uniq_grinder
Temple:   bh_familiar_temple

Skill      XL: |  1  2  3  4  5  6 |
---------------+-------------------+-----
Axes           | 2 3 4 5 |  5.9
Fighting       | 4 |  4.1
Dodging        | 1 |  1.0
Armour         | |  3.2
Shields        | |  3.2

Action                   |  1- 3 |  4- 6 || total
-------------------------+-------+-------++-------
Melee: War axe           |    94 |   145 ||   239
  Use: Scroll            |     1 |     6 ||     7
       Potion            |       |     1 ||     1
Armor: Scale mail        |    34 |    43 ||    77
       Ice dragon scales |       |    24 ||    24
Dodge: Dodged            |    46 |    76 ||   122
Block: Buckler           |    15 |    37 ||    52

Table legend:
 A = Non-vault XP
 B = Vault XP
 C = Vault XP percentage of total XP
 D = Non-vault monster count
 E = Vault monster count
 F = Vault count percentage of total count
                 A         B        C        D         E       F
            +---------+---------+-------+---------+---------+-------
      Total |     354 |     223 |  38.6 |      68 |      12 |  15.0
            +---------+---------+-------+---------+---------+-------
        D:1 |      53 |       0 |   0.0 |      22 |       0 |   0.0
        D:2 |      36 |      21 |  36.8 |      16 |       6 |  27.3
        D:3 |     103 |       0 |   0.0 |      16 |       0 |   0.0
        D:4 |      87 |      20 |  18.7 |       8 |       4 |  33.3
        D:5 |      75 |     182 |  70.8 |       6 |       2 |  25.0
            +---------+---------+-------+---------+---------+-------
